 Dungeon Crawl Stone Soup version 0.28-a0-622-gbaef9634d7 (webtiles) character file.

Game seed: 12579950651273959721

248 KristoblXynda the Slasher (level 5, -6/46 HPs)
             Began as a Draconian Gladiator on Oct 7, 2021.
             Mangled by Grinder (7 damage)
             ... while paralysed by Grinder
             ... on level 3 of the Dungeon.
             The game lasted 00:01:56 (2660 turns).

KristoblXynda the Slasher (Draconian Gladiator)     Turns: 2660, Time: 00:01:56

Health: -6/46      AC:  6    Str: 17    XL:     5   Next: 86%
Magic:  5/5        EV:  2    Int:  8    God:
Gold:   111        SH:  0    Dex: 13    Spells: 4/4 levels left

rFire   . . .      SeeInvis .   e - +2 dagger (freeze)
rCold   . . .      Faith    .   (no shield)
rNeg    . . .      Spirit   .   (armour unavailable)
rPois   .          Reflect  .   b - +0 hat
rElec   .          Harm     .   (no cloak)
rCorr   .          Rampage  .   (no gloves)
Will    .....                   h - +0 pair of boots
Stlth   +.........              (no amulet)
HPRegen 0.15/turn               (no ring)
MPRegen 0.09/turn               (no ring)

@: paralysed
A: AC +5, unfitting armour, cold-blooded
a: no special abilities


You were on level 3 of the Dungeon.
You visited 1 branch of the dungeon, and saw 3 of its levels.

You collected 111 gold pieces.

Inventory:

Hand Weapons
 a - a +0 long sword
 e - a +2 dagger of freezing (weapon)
Missiles
 c - 2 throwing nets (quivered)
Armour
 b - a +0 hat (worn)
 h - a +0 pair of boots (worn)
Jewellery
 i - a +6 ring of strength
Scrolls
 d - a scroll of vulnerability
 f - 2 scrolls of identify
 g - a scroll of enchant armour {unknown}


   Skills:
 + Level 3.8 Fighting
 * Level 5.0 Long Blades
 - Level 2.0 Throwing
 + Level 3.8 Dodging


You had 4 spell levels left.
You didn't know any spells.
Your spell library contained the following spells:

 Spells                   Type           Power      Damage    Failure   Level
 Tukima's Dance           Hex            0%         N/A       78%         3
 Passage of Golubria      Tloc           N/A        N/A       99%         4
 Yara's Violent Unravell  Hex/Tmut       0%         3d3       100%        5


Dungeon Overview and Level Annotations

Branches:
Dungeon (3/15)

Altars:

Annotations:
D:3 Grinder, Natasha


Innate Abilities, Weirdness & Mutations

Your plain brown scales are hard. (AC +5)
You cannot fit into any form of body armour.
You are cold-blooded and may be slowed by cold attacks.


Message History

Grinder comes into view.
She is carrying a wand of flame (19).
Grinder zaps a wand.
The puff of flame hits you.
Found a stone staircase leading up.
You aren't carrying any items that you can evoke.
You start resting.
Grinder is nearby!
Grinder blinks!
You start resting.
Grinder is nearby!
Grinder hits you but does no damage.
You hit Grinder but do no damage.
Grinder blinks!
You hit Grinder.
Grinder is lightly wounded.
Grinder closely misses you.
You hit Grinder.
Grinder is lightly wounded.
Grinder blinks!
Natasha, Servant of Life and Death comes into view.
Natasha hisses angrily.
Natasha stares at you and mumbles some strange words.
You resist with some effort. Grinder closely misses you.
You hit Grinder.
Grinder is lightly wounded.
Grinder gestures at you.
You suddenly lose the ability to move!
Grinder gestures at you. Pain shoots through your body!
Natasha stares at you and mumbles some strange words.
The magic dart hits you. Grinder hits you! Grinder hits you.
You writhe in agony.
Natasha mumbles some strange words.
Grinder zaps a wand.
The puff of flame hits you. Natasha claws you but does no damage.
Grinder says, "FISH!"
Grinder zaps a wand.
The puff of flame hits you!
* * * LOW HITPOINT WARNING * * *
Natasha claws you!
* * * LOW HITPOINT WARNING * * *
Grinder hits you!
You die...

..... ..... .. #....
....... # #.... #.....#.#
#...# #<..#.#. #...#
#...... ####...#####
#.#...# .......†...#
#.#...####..
######.###.#.#.#h5.......
#.# #.#.#.#@.#####.. #.#
#.#...5....# #.#
#.###.####.# #.# #.#
#.[.# .# #.# #.#####.# #
#.# #...<...#
####.###########
#...........
###....#######


You could see Grinder, an iron imp (summoned) and Natasha.

Vanquished Creatures
  Sigmund (D:2)
  Natasha (D:3)
  2 adders (D:2)
  4 dart slugs
  4 ball pythons
  2 bats (D:2)
  4 endoplasms
  A giant cockroach (D:1)
  5 goblins
  4 hobgoblins
  5 kobolds
  2 quokkas
  A ball python zombie (D:3)
  4 frilled lizards
  2 rats (D:1)
42 creatures vanquished.

Notes
Turn   | Place    | Note
-------+----------+-------------------------------------------
     0 | D:1      | KristoblXynda the Draconian Gladiator began the quest for
                  | the Orb.
     0 | D:1      | Reached XP level 1. HP: 17/17 MP: 1/1
   324 | D:1      | Reached XP level 2. HP: 20/25 MP: 2/2
  1192 | D:2      | Reached XP level 3. HP: 22/30 MP: 3/3
  2100 | D:2      | Noticed Sigmund
  2113 | D:2      | Killed Sigmund
  2114 | D:2      | Reached skill level 4 in Long Blades
  2114 | D:2      | Reached XP level 4. HP: 34/40 MP: 4/4
  2114 | D:2      | Reached XP level 5. HP: 39/46 MP: 5/5
  2429 | D:3      | Noticed Natasha
  2444 | D:3      | Killed Natasha
  2445 | D:3      | Reached skill level 5 in Long Blades
  2636 | D:3      | Noticed Grinder
  2652 | D:3      | Noticed Natasha
  2654 | D:3      | Paralysed by Grinder for 6 turns
  2660 | D:3      | HP: 1/46 [Natasha (7)]
  2660 | D:3      | Mangled by Grinder

Illustrated notes

Levels and vault maps discovered:
D:1:      minmay_arrival_cross, layout_basic, serial_forest,
          infiniplex_forest_lined_4_way, infiniplex_forest_end_1,
          infiniplex_forest_end_1, infiniplex_forest_clump_double,
          infiniplex_forest_straight_3, infiniplex_forest_lined_corner,
          infiniplex_forest_corner_2, minmay_hexomino_p4
D:2:      layout_basic, uniq_sigmund
D:3:      layout_basic, mainiacjoe_overflow_catwalk_spiral, serial_undead,
          serial_undead_b, serial_undead_b, serial_undead_e, serial_undead_a,
          serial_undead_a, serial_undead_f, serial_undead_c, serial_undead_e,
          uniq_jessica, uniq_ijyb, uniq_natasha, uniq_grinder

Skill      XL: |  1  2  3  4  5 |
---------------+----------------+-----
Throwing       | 2 |  2.0
Dodging        | 3 |  3.8
Fighting       | 3 |  3.8
Long Blades    | 4 5 |  5.0

Action                   |  1- 3 |  4- 6 || total
-------------------------+-------+-------++-------
Melee: Long sword        |    46 |       ||    46
       Tailslap          |    10 |     7 ||    17
       Dagger            |    41 |    34 ||    75
Throw: Throwing net      |     1 |       ||     1
  Use: Scroll            |     1 |       ||     1
 Stab: Sleeping          |     1 |       ||     1
       Held in net/web   |     1 |       ||     1
Armor: Skin              |    17 |     9 ||    26
Dodge: Dodged            |    55 |    15 ||    70

Table legend: (Time is in decaauts)
 A = Elapsed time spent in this place.
 B = Non-inter-level travel time spent in this place.
 C = Inter-level travel time spent in this place.
 D = Time resting spent in this place.
 E = Time spent auto-exploring this place.
 F = Levels seen in this place.
 G = Mean time per level.
                   A        B        C        D        E       F      G
               +--------+--------+--------+--------+--------+-----+--------+
         Total |   2671 |   2586 |     85 |    320 |   1981 |   3 |  890.3 |
       Dungeon |   2671 |   2586 |     85 |    320 |   1981 |   3 |  890.3 |
               +--------+--------+--------+--------+--------+-----+--------+

Top non-repeatable levels by time:
     D:2: 1265 daAuts
     D:1: 1129 daAuts
     D:3: 276 daAuts
